 Dungeon Crawl Stone Soup version 0.32-a0-350-g4f4d228785 (webtiles) character file.

Game seed: 1285120546063287196

1754372 AutarchDCSS the Sorcerer (level 27, 217/217 (218) HPs)
             Began as a Djinni Reaver on Feb 17, 2024.
             Was an Initiate of Gozag.
             Escaped with the Orb
             ... and 4 runes!
             The game lasted 04:19:39 (115719 turns).

AutarchDCSS the Sorcerer (Djinni Reaver)          Turns: 115719, Time: 04:19:39

HP:   217/217 (218) AC: 25    Str: 17      XL:     27
Gold: 12910         EV: 26    Int: 31 (33) God:    Gozag SH: 11 Dex: 20

rFire   + + +        a - staff of Ecazazu {rPois rF+ Will+ Fire}
rCold   . . .        l - +3 buckler {AC+3}
rNeg    . . .        N - +1 ring mail of Parts Unknown {Will+++ Regen+ MP-9 Dex+4}
rPois   ∞            d - +2 helmet {SInv}
rElec   +            y - +4 dragonskin cloak
rCorr   .            g - +2 pair of gloves of Crawling {Int+2}
SInv    +            (boots unavailable)
Will    +++++        E - amulet of regeneration Stlth
                     M - ring "Olich" {rElec rF+ Str+6 Int+4 Stlth-}
HPRegen 2.16/turn    i - ring of Enneng {rElec rF+ rC+ Str+2 Int+2}
MPRegen 0.00/turn

%: no passive effects
@: flying, studying 3 skills, lightly drained
A: sickness immunity, fire resistance 2, cold vulnerability 1, float, innate
caster, HP casting, extra vitality 1, deterioration 1, weak 1, inability to read
after injury 1
0: Orb of Zot
}: 4/15 runes: barnacled, slimy, silver, gossamer
a: Renounce Religion, Potion Petition, Call Merchant, Bribe Branch


You escaped.
You worshipped Gozag.
Gozag was extremely pleased with you.
You visited 12 branches of the dungeon, and saw 56 of its levels.
You visited 1 ziggurat, and saw 8 of its levels.
You also visited: Gauntlet, Ice Cave and Wizlab.

You collected 32143 gold pieces.
You spent 1688 gold pieces at shops.
You paid 17545 gold pieces to Gozag.

Inventory:

Hand Weapons
 R - the +4 dagger of Somewhere Else {holy, *Noise Will++ Int+2 SInv}
   (You found it on level 3 of the Lair of Beasts)

   Int+2:     It affects your intelligence (+2).
   Will++:    It greatly increases your willpower.
   SInv:      It lets you see invisible.
   *Noise:    It may make a loud noise when swung.
 S - the +6 Majin-Bo {spellvamp, MP+6 Int+6}
   (You found it on level 3 of the Depths)

   Int+6:     It affects your intelligence (+6).
   MP+6:      It affects your magic capacity (+6).
Missiles
 m - 9 throwing nets (quivered)
Armour
 d - a +2 helmet of see invisible (worn)
 g - the +2 pair of gloves of Crawling (worn) {Int+2}
   (You acquired it on level 3 of the Elven Halls)

   Int+2:     It affects your intelligence (+2).
 l - a +3 buckler of protection (worn)
 q - the +5 faerie dragon scales {rElec rF+ rCorr Int-5 Dex+3}
   (You took it off the Enchantress on level 1 of the Depths)

   Int-5:     It affects your intelligence (-5).
   Dex+3:     It affects your dexterity (+3).
   rF+:       It protects you from fire.
   rElec:     It insulates you from electricity.
   rCorr:     It protects you from acid and corrosion.
 y - the +4 dragonskin cloak (worn)
   (You took it off Tiamat on level 1 of the Realm of Zot)

   Avatar's Aegis: It grants the wearer a chance to resist fire, cold, poison,
   electricity, acid, and negative energy.
 N - the +1 ring mail of Parts Unknown (worn) {Will+++ Regen+ MP-9 Dex+4}
   (You found it on level 4 of a ziggurat)

   Dex+4:     It affects your dexterity (+4).
   Will+++:   It greatly increases your willpower.
   MP-9:      It affects your magic capacity (-9).
   Regen+:    It increases your rate of health regeneration.
Magical Staves
 a - the staff of Ecazazu (weapon) {rPois rF+ Will+ Fire}
   (You found it on level 4 of the Shoals)

   [staff of fire]

   Base accuracy: +5 Base damage: 5 Base attack delay: 1.2 This weapon's minimum
   attack delay (0.6) is reached at skill level 12.
   rF+:       It protects you from fire.
   rPois:     It protects you from poison Will+: It increases your willpower.
   Fire:      It increases the power of your Fire spells.
   It falls into the 'Staves' category.
   It is a one-handed weapon.
 b - the staff of a Gauntlet {Will+ Str+3 Conj}
   (You took it off a deep elf demonologist on level 3 of the Elven Halls)

   [staff of conjuration]

   Base accuracy: +5 Base damage: 5 Base attack delay: 1.2 This weapon's minimum
   attack delay (0.6) is reached at skill level 12.
   Str+3:     It affects your strength (+3).
   Will+:     It increases your willpower.
   Conj:      It increases the power of your Conjurations spells.
   It falls into the 'Staves' category.
   It is a one-handed weapon.
Jewellery
 c - a ring of see invisible
 i - the ring of Enneng (right hand) {rElec rF+ rC+ Str+2 Int+2}
   (You found it on level 5 of the Pits of Slime)

   [ring of protection from fire]

   Str+2:     It affects your strength (+2).
   Int+2:     It affects your intelligence (+2).
   rF+:       It protects you from fire.
   rC+:       It protects you from cold.
   rElec:     It insulates you from electricity.
 p - the ring of Greed {rPois Will+ Str+2 Dex+2}
   (You found it in an ice cave)

   [ring of willpower]

   Str+2:     It affects your strength (+2).
   Dex+2:     It affects your dexterity (+2).
   rPois:     It protects you from poison Will+: It increases your willpower.
 E - an amulet of regeneration (around neck)
 M - the ring "Olich" (left hand) {rElec rF+ Str+6 Int+4 Stlth-}
   (You acquired it on level 1 of the Elven Halls)

   [ring of strength]

   Str+6:     It affects your strength (+6).
   Int+4:     It affects your intelligence (+4).
   rF+:       It protects you from fire.
   rElec:     It insulates you from electricity.
   Stlth-:    It makes you less stealthy.
 Q - a ring of positive energy
 Z - a ring of protection from cold
Wands
 f - a wand of iceblast (66)
 k - a wand of digging (17)
 t - a wand of paralysis (56)
 A - a wand of quicksilver (40)
 P - a wand of polymorph (50)
Scrolls
 e - 5 scrolls of enchant armour
 n - 11 scrolls of poison
 o - 5 scrolls of immolation
 s - 4 scrolls of revelation
 v - 2 scrolls of fear
 w - a scroll of brand weapon
 B - 25 scrolls of teleportation
 H - 4 scrolls of enchant weapon
 I - 2 scrolls of blinking
 K - 5 scrolls of summoning
 O - 3 scrolls of torment
 W - 3 scrolls of fog
Potions
 h - 7 potions of brilliance
 r - 25 potions of curing
 u - 2 potions of haste
 x - 10 potions of lignification
 z - 12 potions of ambrosia
 D - 6 potions of heal wounds
 F - 7 potions of might
 G - 4 potions of invisibility
 J - 9 potions of enlightenment
 L - 6 potions of cancellation
 T - 5 potions of mutation
 U - 7 potions of resistance
Miscellaneous
 j - a lightning rod (4/4)
 C - a sack of spiders
 V - a phantom mirror
 X - a condenser vane
 Y - a phial of floods


   Skills:
 - Level 24.0 Fighting
 - Level 5.3 Long Blades
 - Level 9.1 Staves
 - Level 15.6 Armour
 - Level 23.3 Dodging
 - Level 14.6 Shields
 + Level 24.6 Spellcasting
 + Level 24.6 Conjurations
 + Level 24.6 Hexes
 + Level 24.6 Summonings
 + Level 24.6 Necromancy
 + Level 24.6 Translocations
 + Level 24.6 Fire Magic
 + Level 24.6 Ice Magic
 + Level 24.6 Air Magic
 + Level 24.6 Earth Magic
 + Level 24.6 Alchemy
 - Level 9.0 Evocations


You knew the following spells:

 Your Spells              Type           Power      Damage    Failure   Level
a - Fireball              Conj/Fire      68%        3d26      0%          5
b - Ozocubu's Refrigerat  Ice            56%        4d20      1%          7
c - Plasma Beam           Fire/Air       68%        2x1d85    0%          6
d - Ignition              Fire           68%        3d18      1%          8
e - Lee's Rapid Deconstr  Erth           56%        3d26*     0%          5
f - Blink                 Tloc           100%       N/A       0%          2
g - Dragon's Call         Summ           56%        N/A       4%          9
h - Summon Horrible Thin  Summ           56%        N/A       1%          8
i - Kiss of Death         Conj/Necr      100%       2d13      0%          1
j - Sculpt Simulacrum     Ice/Alch       56%        N/A       0%          6
k - Momentum Strike       Conj/Tloc      100%       3d10      0%          2
l - Hailstorm             Conj/Ice       100%       3d16      0%          3
m - Slow                  Hex            100%       N/A       0%          1
n - Enfeeble              Hex            56%        N/A       1%          7
o - Mercury Vapours       Alch/Air       100%       N/A       0%          2
p - Iskenderun's Mystic   Conj/Tloc      100%       2d19      0%          4
Your spell library was empty.

Dungeon Overview and Level Annotations

Branches:
Dungeon (15/15)            Temple (1/1) D:5            Lair (5/5) D:10
 Shoals (4/4) Lair:3       Spider (4/4) Lair:3        Slime (5/5) Lair:5
    Orc (2/2) D:11            Elf (3/3) Orc:2        Vaults (5/5) D:13
  Crypt (3/3) Vaults:2       Tomb (0/3) Crypt:3      Depths (4/4) D:15
    Zot (5/5) Depths:4      IceCv (visited)          WizLab (visited)
Gauntlet (visited)

Altars:
Ashenzari
Cheibriados
Dithmenos
Elyvilon
Fedhas
Gozag
Hepliaklqana
Makhleb
Nemelex Xobeh
Okawaru
Qazlal
Ru
Trog
Uskayaw
Wu Jian
Xom
Yredelemnul
Zin
The Shining One
Beogh

Shops:
D:1 (   D:6 !   D:9 [   D:10 *   Orc:2 :([*[   Shoals:1 ?   Vaults:1 [
Vaults:4 *   Vaults:5 *[![[[

Portals:
Hell: Depths:1 Depths:2 Depths:3 Depths:4
Abyss: Depths:2 Depths:3
Pandemonium: Depths:1 Depths:2 Depths:4
Trove: Elf:3 (give 6 scrolls of fear)

Annotations:
D:2 1 runed translucent door, Crazy Yiuf
D:3 3 runed translucent doors, afc495's ghost, amateur HuHu; anacleto's ghost, amateur DECj; olddryhag's ghost, amateur MDRe
D:4 Eustachio
Elf:2 3 runed translucent doors
Crypt:2 2 transporters, Uferhotu's ghost, veteran MiGl
Zot:4 1 transporter


Innate Abilities, Weirdness & Mutations

You are immune to sickness and miasma.
You are immune to poison.
Your flesh is very heat resistant. (rF++)
You are vulnerable to cold. (rC-)
You float through the air rather than walking.
You learn spells naturally, not from books.
Your magical power is your life essence.
You have superior vitality. (+4 MHP)
Your body sometimes deteriorates upon taking damage.
You are weak. (Str -2)
You occasionally lose the ability to read scrolls when taking damage.


Message History

Your large abomination hits the Hell Sentinel!
The Hell Sentinel gestures at you.
The sphere of damnation explodes!
The damnation engulfs your large abomination!! x2
The damnation engulfs your tentacled monstrosity!!
The damnation engulfs the Hell Sentinel.
The Hell Sentinel completely resists.
The damnation engulfs your large abomination!!
Your large abomination is destroyed!
Your large abomination disappears in a puff of smoke!
Your large abomination hits the Hell Sentinel!!
Your tentacled monstrosity tentacle-slaps the Hell Sentinel but does no damage. x2
Your tentacled monstrosity tentacle-slaps the Hell Sentinel.
Your tentacled monstrosity grabs the Hell Sentinel.
Your tentacled monstrosity constricts the Hell Sentinel.
The Hell Sentinel hits your large abomination!!
The Hell Sentinel hits your large abomination but does no damage.
Your large abomination hits the Hell Sentinel but does no damage.
Your tentacled monstrosity tentacle-slaps the Hell Sentinel but does no damage. x2
Your tentacled monstrosity tentacle-slaps the Hell Sentinel.
Your tentacled monstrosity constricts the Hell Sentinel!
Something hits your large abomination!!
Your large abomination is destroyed!
Your large abomination disappears in a puff of smoke!
Your tentacled monstrosity loses its grip on something.
Aiming: Dig
Press: ? - help, Shift-Dir - straight line A rock wall.
This square is covered in magical glow.
The rock shatters into small pieces.
Aiming: Dig
Press: ? - help, Shift-Dir - straight line A rock wall.
This square is covered in magical glow.
The rock shatters into small pieces.
Your large abomination disappears in a puff of smoke!
A demonspawn warmonger comes into view.
It is wielding a +2 demon whip of pain and wearing a +0 kite shield of protection.
Your large abomination disappears in a puff of smoke!
There is a staircase leading out of the dungeon here.
You have escaped!

##..# ##..##
#.6## ##.#
##..# ##.#.#
##.##.#
#########.###.#
#⌠≈≈@..#.## #.#
#≈≈≈....## #.#
#≈≈≈...## ##.#
#≈≈.##.# #..#
#≈..##.# #.##
#......#####.#
#⌠.....'.....#
#......#######
#...##.#


There were no monsters in sight!

Vanquished Creatures
  the Royal Jelly (Slime:5)
  Tiamat (Zot:1)
  An orb of fire (Zot:1)
  A juggernaut (Depths:2)
  Josephina (Depths:2)
  Parghit (Zot:2)
  A Killer Klown (Zig:1)
  Margery (Depths:4)
  A shard shrike (Zig:8)
  Saint Roka (Elf:2)
  3 curse toes
  2 profane servitors (Crypt:3)
  Nikola (Vaults:1)
  3 golden dragons (Zot:3)
  the Enchantress (Depths:1)
  Arachne (Spider:3)
  2 bone dragons
  An electric golem (Zot:1)
  2 hellephants
  A walking crystal tome (Depths:1)
  An Ice Fiend (Zig:8)
  3 tentacled monstrosities
  3 Orb Guardians (Zot:5)
  4 liches
  2 krakens
  A searing wretch (Zig:3)
  2 deep elf blademasters (Elf:3)
  4 sphinxes
  4 quicksilver dragons
  17 acid blobs
  2 deep elf master archers (Elf:3)
  8 ancient champions
  5 death cobs
  4 shadow dragons
  A tengu reaver (Depths:4)
  3 revenants
  9 azure jellies
  7 storm dragons
  8 draconian monks
  4 fire giants
  5 protean progenitors
  A nagaraja (Zig:6)
  The ghost of Ygem the Fighter, a journeyman DsFE of Sif Muna (Shoals:2)
  3 narguns (Zig:8)
  9 rockslimes
  8 draconian shifters
  7 emperor scorpions
  5 draconian knights
  4 deep elf sorcerers (Elf:3)
  4 draconian scorchers
  10 frost giants
  An iron dragon (Depths:2)
  A caustic shrike zombie (Crypt:3)
  7 vault wardens
  12 ghouls
  7 ghost moths
  5 deep elf elementalists (Elf:3)
  5 formless jellyfish
  3 draconian stormcallers
  A balrug (Depths:1)
  2 broodmothers
  4 spriggan defenders
  A reaper (Crypt:2)
  15 ironbound preservers
  4 draconian annihilators
  14 stone giants
  2 angels (Depths:2)
  2 ironbound thunderhulks
  4 curse skulls
  5 orc warlords
  11 quicksilver oozes
  15 very ugly things
  9 vampire knights
  Nessos (D:14)
  19 purple draconians
  A wendigo (Zig:8)
  10 deep elf death magi
  4 spark wasps
  4 war gargoyles (Vaults:4)
  11 white draconians
  9 deep elf demonologists
  5 red draconians
  5 deep elf annihilators
  11 green draconians
  8 yellow draconians
  6 black draconians
  A minotaur (Gauntlet)
  Snorg (D:10)
  7 dire elephants
  A blizzard demon (Depths:2)
  2 crystal guardians (Vaults:3)
  7 merfolk impalers (Shoals:4)
  5 eidola
  4 merfolk javelineers
  7 statues (WizLab)
  13 ettins
  3 entropy weavers
  4 great orbs of eyes
  6 jiangshi
  A mummy priest (Crypt:3)
  5 deep elf high priests
  An entropy weaver (shapeshifter) (D:15)
  2 salamander tyrants
  9 yaktaur captains
  5 spriggan zombies
  4 spriggan air magi
  13 fire dragons
  4 rakshasas
  8 hydras
  8 ice dragons
  A hell beast (Depths:2)
  5 death knights
  16 centaur warriors
  6 vault guards
  3 peacekeepers
  2 spriggan skeletons
  A merfolk avatar (Shoals:2)
  An anaconda (Zig:6)
  9 ironbound frosthearts
  3 catoblepae
  A jorogumo (Spider:2)
  24 dancing weapons
  An alligator snapping turtle (Shoals:4)
  2 two-headed ogres
  3 radroaches
  2 satyrs
  5 merfolk aquamancers
  9 boulder beetles
  11 deep troll earth magi
  An orc high priest (Orc:2)
  4 deep troll shamans
  A titan zombie (Crypt:3)
  5 tengu warriors
  9 demonic crawlers
  3 occultists
  3 death yaks (Lair:4)
  6 spriggan berserkers
  A nameless horror (Zot:4)
  12 vampire magi
  9 deep elf knights
  3 hell knights
  A sun demon (Depths:1)
  A naga sharpshooter (Zig:5)
  4 spriggans (Depths:1)
  2 soul eaters
  3 shock serpents
  29 skeletal warriors
  2 storm dragon zombies
  A sixfirhy (Gauntlet)
  5 pharaoh ants
  A skyshark (shapeshifter) (Depths:2)
  50 deep trolls
  6 skysharks
  4 iron trolls
  2 shadow wraiths
  12 deep elf archers
  18 sea snakes
  2 goliath frogs (Lair:5)
  A shadow demon (Depths:1)
  11 orb spiders
  10 necromancers
  13 arcanists
  A sun moth (Spider:4)
  6 steelbarb worms
  12 flayed ghosts
  13 ironbound convokers
  2 mana vipers
  6 glowing orange brains
  20 phantasmal warriors
  2 bog bodies (Crypt:2)
  A fenstrider witch simulacrum (Crypt:1)
  15 orc knights
  2 wolf spider zombies (D:15)
  3 lindwurms
  Pikel (D:9)
  2 spectral merfolk (Shoals:2)
  23 harpies
  5 orc sorcerers
  11 deep elf zephyrmancers
  18 wolf spiders
  22 deep elf pyromancers
  A jorogumo zombie (Crypt:1)
  Maurice (D:7)
  A faun (Shoals:3)
  10 shining eyes
  5 cyclopes
  15 manticores
  28 ugly things
  A fire giant skeleton (Depths:1)
  2 ice statues (IceCv)
  A salamander (Zig:6)
  An oklob plant (Lair:3)
  An alligator skeleton (Crypt:1)
  A stone giant skeleton (Depths:1)
  2 dire elephant zombies
  2 centaur zombies
  5 merfolk sirens
  A meliai (shapeshifter) (Elf:1)
  15 black mambas
  14 water nymphs
  A kobold blastminer (Orc:1)
  6 meliai
  11 elephants
  2 naga magi (Zig:6)
  7 eyes of devastation
  15 moths of wrath
  9 torpor snails
  9 vault sentinels
  A smoke demon (Gauntlet)
  Joseph (D:8)
  A spectral sea snake (Shoals:2)
  A titan simulacrum (Depths:2)
  4 centaur skeletons
  2 gargoyles (Gauntlet)
  A hellion (Zig:8)
  A tormentor (Zig:8)
  An alligator snapping turtle zombie (Crypt:2)
  7 rime drakes
  2 unseen horrors
  19 cane toads
  A kobold demonologist (D:14)
  7 freezing wraiths
  20 yaktaurs
  An efreet (D:14)
  A spark wasp simulacrum (Depths:2)
  6 komodo dragons
  Psyche (D:8)
  A guardian mummy (Crypt:3)
  25 tengu conjurers
  A red devil (Gauntlet)
  A spectral water nymph (Shoals:2)
  A black draconian skeleton (Crypt:1)
  6 trolls
  2 polar bears
  8 wind drakes
  2 hydra zombies (Crypt:1)
  A queen bee (Spider:1)
  5 harpy zombies
  3 tyrant leeches (Lair:5)
  A tyrant leech (shapeshifter) (Depths:2)
  A radroach zombie (Crypt:1)
  9 hornets
  Prince Ribbit (D:7)
  27 merfolk
  26 tarantellas
  A merfolk zombie (Crypt:1)
  A glass eye (shapeshifter) (Elf:2)
  7 dream sheep
  25 blink frogs
  3 glass eyes
  A jumping spider zombie (Crypt:2)
  A stone giant simulacrum (Depths:1)
  12 snapping turtles
  A frost giant simulacrum (Depths:2)
  A slime creature (shapeshifter) (Vaults:3)
  89 slime creatures
  A shadow (D:12)
  33 culicivoras
  2 centaur simulacra (Gauntlet)
  31 water elementals
  8 fire elementals
  An ice dragon skeleton (Crypt:2)
  32 jumping spiders
  9 air elementals
  9 wraiths
  5 wyverns
  91 yaks
  An ushabti (Crypt:3)
  17 humans (D:13)
  77 redbacks
  6 basilisks
  3 steam dragons
  2 spriggan simulacra
  A golden eye (Slime:4)
  2 wargs
  5 vampire mosquitoes (Lair:5)
  2 harpy simulacra
  An acid dragon (D:10)
  2 nagas
  2 naga zombies
  A hell hound (Spider:4)
  25 water moccasins
  A naga skeleton (Crypt:1)
  A fire bat skeleton (Crypt:2)
  37 orc warriors
  2 sky beasts (D:7)
  4 black bears
  4 ice beasts
  11 ogres
  12 wolves
  A boggart (Vaults:2)
  6 laughing skulls
  A dream sheep skeleton (Crypt:2)
  A lindwurm skeleton (Crypt:1)
  9 centaurs
  A lemure (D:9)
  A phantom (Crypt:3)
  A vine stalker zombie (Crypt:2)
  Blork the orc (Orc:2)
  3 kobold brigands
  7 earth elementals (Elf:2)
  3 merfolk simulacra (Shoals:2)
  3 scorpions
  16 bullfrogs
  21 wights
  6 wyvern skeletons (Crypt:3)
  A polar bear zombie (Crypt:1)
  35 killer bees
  A lindwurm simulacrum (IceCv)
  A snapping turtle simulacrum (Shoals:2)
  2 manticore simulacra (Shoals:2)
  5 howler monkeys
  7 electric eels
  3 crimson imps (Gauntlet)
  2 bombardier beetles
  8 komodo dragon simulacra (IceCv)
  3 jellies
  4 hounds (D:5)
  24 orc priests
  A wyvern simulacrum (Gauntlet)
  2 sleepcaps
  4 iguanas
  Natasha (thrice) (D:2)
  20 orc wizards
  5 hell rats (Lair:4)
  An ogre zombie (Crypt:2)
  A mummy (Crypt:3)
  Robin (D:2)
  7 gnolls (D:5)
  5 acid dragon simulacra (IceCv)
  10 adders
  A shadow imp (D:6)
  14 white imps
  6 steam dragon simulacra (IceCv)
  6 ufetubi
  An iguana skeleton (Crypt:1)
  A dart slug (D:2)
  92 orcs
  9 endoplasms
  2 giant cockroaches
  6 hobgoblins
  4 jackals (D:2)
  10 kobolds
  A quokka (D:1)
  7 ball pythons
  4 bats
  5 frilled lizards
  12 goblins
  A hobgoblin skeleton (Crypt:1)
  6 rats
  A rat skeleton (Crypt:1)
  A tentacle (Shoals:1)
2402 creatures vanquished.

Vanquished Creatures (collateral kills)
  4 orbs of fire (Zot:5)
  An ancient lich (Vaults:5)
  A pandemonium lord (Zot:3)
  A Killer Klown (Zot:5)
  2 curse toes (Zot:5)
  4 golden dragons
  5 electric golems
  An Ice Fiend (Zot:4)
  5 tentacled monstrosities
  A Hell Sentinel (Zot:3)
  11 Orb Guardians (Zot:5)
  2 titans (Vaults:5)
  A lich (Crypt:3)
  3 quicksilver dragons
  4 death cobs
  A sphinx (Vaults:5)
  An Executioner (D:6)
  An eldritch tentacle (Zot:5)
  4 storm dragons
  2 shadow dragons (Vaults:5)
  A tengu reaver (Vaults:5)
  2 fire giants (Vaults:5)
  3 protean progenitors
  A draconian knight (Zot:5)
  A draconian shifter (Zot:5)
  2 draconian scorchers
  A ghost moth (Zot:5)
  A draconian monk (Zot:4)
  A ghoul (Crypt:3)
  5 vault wardens (Vaults:5)
  A draconian annihilator (Zot:1)
  A draconian stormcaller (Zot:5)
  An ironbound preserver (Vaults:5)
  A very ugly thing (Vaults:5)
  3 black draconians
  A deep elf death mage (Vaults:5)
  A green draconian (Zot:4)
  A deep elf demonologist (Vaults:5)
  A lorocyproca (D:5)
  A white draconian (Zot:5)
  A war gargoyle (Vaults:5)
  2 purple draconians (Zot:4)
  2 yellow draconians
  2 red draconians
  A blizzard demon (Depths:2)
  3 ettins (Vaults:5)
  13 vault guards (Vaults:5)
  A yaktaur captain (Vaults:5)
  A hell beast (D:15)
  2 radroaches (Zot:5)
  2 boulder beetles (Zot:5)
  2 satyrs (Zot:5)
  3 shock serpents (Zot:4)
  A sun demon (D:15)
  A sixfirhy (Depths:3)
  A shadow wraith (Vaults:5)
  10 phantasmal warriors
  5 ironbound convokers (Vaults:5)
  2 steelbarb worms (Zot:3)
  A necromancer (Vaults:5)
  2 wolf spiders (shapeshifter) (Vaults:5)
  A large abomination (Zot:3)
  2 vault sentinels (Vaults:5)
  3 moths of wrath
  An orange demon (D:6)
  An eye of devastation (shapeshifter) (Vaults:5)
  A smoke demon (D:11)
  3 yaktaurs (Vaults:5)
  2 freezing wraiths (Crypt:3)
  A tarantella (shapeshifter) (Vaults:5)
  A ynoxinul (Zot:3)
  A wraith (Crypt:3)
  A redback (Vaults:5)
  3 hell hounds (Zot:5)
  6 wights (Crypt:3)
170 creatures vanquished.

Vanquished Creatures (others)
  3 dread liches
  2 ancient liches
  A Killer Klown (Zot:5)
  A tentacled monstrosity (Vaults:5)
  A lich (Vaults:5)
  7 Orb Guardians (Zot:5)
  A quicksilver dragon (Zot:5)
  2 sphinxes (Vaults:5)
  A death cob (Zot:4)
  A tengu reaver (Vaults:5)
  A frost giant (Vaults:5)
  A fire giant (Vaults:5)
  2 protean progenitors (Zot:5)
  A deep elf sorcerer (Vaults:5)
  2 vault wardens (Vaults:5)
  A stone giant (Vaults:5)
  A lorocyproca (Zot:5)
  A deep elf death mage (Vaults:5)
  A white draconian (Zot:5)
  A red draconian (Zot:5)
  An ettin (Vaults:5)
  2 yaktaur captains (Vaults:5)
  An entropy weaver (Vaults:5)
  A deep elf high priest (Vaults:5)
  10 vault guards (Vaults:5)
  An ogre mage (Vaults:5)
  A two-headed ogre (shapeshifter) (Vaults:5)
  An ironbound convoker (Vaults:5)
  2 phantasmal warriors (Vaults:5)
  A harpy (Vaults:5)
  2 ugly things (Zot:5)
  5 yaktaurs (Vaults:5)
  A freezing wraith (Vaults:5)
  A red devil (Zot:3)
  An air elemental (Elf:2)
  11 tentacles
74 creatures vanquished.

Grand Total: 2646 creatures vanquished

Notes
Turn   | Place    | Note
-------+----------+-------------------------------------------
     0 | D:1      | AutarchDCSS the Djinni Reaver began the quest for the Orb.
     0 | D:1      | AutarchDCSS set off with the following spells memorised:
                  | Kiss of Death, Momentum Strike, Hailstorm.
     0 | D:1      | Reached XP level 1. HP: 18/18 MP: 0/0
   113 | D:1      | Reached XP level 2. HP: 20/21 MP: 0/0
   374 | D:1      | Reached XP level 3. HP: 25/25 MP: 0/0
   374 | D:1      | Learned a level 1 spell: Slow
   482 | D:1      | Found a faded altar of an unknown god.
   513 | D:1      | Found Otudghos's Weapon Shop.
   901 | D:2      | Reached XP level 4. HP: 14/32 MP: 0/0
  1190 | D:2      | Noticed Robin
  1206 | D:2      | Killed Robin
  1526 | D:2      | Reached XP level 5. HP: 40/40 MP: 0/0
  1526 | D:2      | Learned a level 2 spell: Mercury Vapours
  1583 | D:2      | Noticed Natasha
  1587 | D:2      | Killed Natasha
  1626 | D:2      | Noticed Natasha
  1643 | D:2      | Killed Natasha
  1963 | D:2      | Found a runed translucent door.
  1964 | D:2      | Noticed Crazy Yiuf
  2019 | D:2      | Noticed Natasha
  2023 | D:2      | Killed Natasha
  2365 | D:3      | Reached XP level 6. HP: 45/46 MP: 0/0
  2797 | D:3      | Found a runed translucent gate.
  2797 | D:3      | Found a runed translucent gate.
  2798 | D:3      | Found a runed translucent gate.
  2802 | D:3      | Noticed afc495's ghost (amateur HuHu)
  2802 | D:3      | Noticed olddryhag's ghost (amateur MDRe)
  2802 | D:3      | Noticed anacleto's ghost (amateur DECj)
  3078 | D:4      | Found a blossoming altar of Fedhas.
  3078 | D:4      | Found a glowing golden altar of the Shining One.
  3303 | D:4      | Noticed Eustachio
  3531 | D:4      | Found a hazy altar of Hepliaklqana.
  3621 | D:4      | Found a basalt altar of Yredelemnul.
  3628 | D:4      | Reached skill level 5 in Spellcasting
  3628 | D:4      | Reached skill level 5 in Conjurations
  3628 | D:4      | Reached skill level 5 in Hexes
  3628 | D:4      | Reached skill level 5 in Summonings
  3628 | D:4      | Reached skill level 5 in Necromancy
  3628 | D:4      | Reached skill level 5 in Translocations
  3628 | D:4      | Reached skill level 5 in Fire Magic
  3628 | D:4      | Reached skill level 5 in Ice Magic
  3628 | D:4      | Reached skill level 5 in Air Magic
  3628 | D:4      | Reached skill level 5 in Earth Magic
  3628 | D:4      | Reached skill level 5 in Alchemy
  4144 | D:5      | Entered Level 5 of the Dungeon
  4149 | D:5      | Found a staircase to the Ecumenical Temple.
  4166 | Temple   | Entered the Ecumenical Temple
  4204 | Temple   | Became a worshipper of Gozag Ym Sagoz the Greedy
  4290 | D:5      | Reached XP level 7. HP: 50/52 MP: 0/0
  4290 | D:5      | Learned a level 2 spell: Blink
  5384 | D:5      | Reached skill level 5 in Fighting
  5502 | D:5      | Reached XP level 8. HP: 42/59 MP: 0/0
  6366 | D:6      | Found Vuexzuth's Distillery.
  6374 | D:6      | Bought a potion of curing for 30 gold pieces
  8239 | D:5      | Reached XP level 9. HP: 48/70 MP: 0/0
  8239 | D:5      | Learned a level 4 spell: Iskenderun's Mystic Blast
  9726 | D:7      | Noticed Prince Ribbit
 10346 | D:7      | Killed Prince Ribbit
 10347 | D:7      | Reached skill level 10 in Fighting
 10362 | D:7      | HP: 1/74 [killer bee (8)]
 11300 | D:7      | Reached XP level 10. HP: 72/80 MP: 0/0
 11734 | D:7      | Noticed Maurice
 11938 | D:7      | Killed Maurice
 12400 | D:8      | Noticed Psyche
 12406 | D:8      | Killed Psyche
 12815 | D:8      | Reached skill level 5 in Dodging
 13185 | D:8      | Noticed Joseph
 13191 | D:8      | Reached skill level 5 in Long Blades
 13192 | D:8      | Reached XP level 11. HP: 34/85 MP: 0/0
 13192 | D:8      | Learned a level 5 spell: Fireball
 14564 | D:8      | Noticed a manticore
 14578 | D:8      | Killed a manticore
 15115 | D:8      | Killed Joseph
 15306 | D:8      | Found an ornate altar of the Wu Jian Council.
 15608 | D:9      | Reached skill level 10 in Spellcasting
 15608 | D:9      | Reached skill level 10 in Conjurations
 15608 | D:9      | Reached skill level 10 in Hexes
 15608 | D:9      | Reached skill level 10 in Summonings
 15608 | D:9      | Reached skill level 10 in Necromancy
 15608 | D:9      | Reached skill level 10 in Translocations
 15608 | D:9      | Reached skill level 10 in Fire Magic
 15608 | D:9      | Reached skill level 10 in Ice Magic
 15608 | D:9      | Reached skill level 10 in Air Magic
 15608 | D:9      | Reached skill level 10 in Earth Magic
 15608 | D:9      | Reached skill level 10 in Alchemy
 16026 | D:9      | Found Hoevo's Antique Armour Boutique.
 17026 | D:9      | Noticed Pikel
 17034 | D:9      | Killed Pikel
 17313 | D:10     | Entered Level 10 of the Dungeon
 17391 | D:6      | Bought 2 potions of heal wounds for 100 gold pieces
 17521 | D:10     | Reached XP level 12. HP: 41/91 MP: 0/0
 17962 | D:10     | Found a staircase to the Lair.
 18040 | D:10     | Found Kuel's Assorted Antiques.
 18045 | D:10     | Bought a notched garnet ring for 125 gold pieces
 18196 | D:10     | Noticed Snorg
 18202 | D:10     | Killed Snorg
 18203 | D:10     | Reached skill level 10 in Dodging
 18717 | D:10     | Reached skill level 5 in Evocations
 20004 | D:11     | Noticed a two-headed ogre
 20012 | D:11     | Killed a two-headed ogre
 21017 | D:11     | Found a staircase to the Orcish Mines.
 21487 | D:11     | Noticed a boulder beetle
 21502 | D:11     | Killed a boulder beetle
 21503 | D:11     | Reached XP level 13. HP: 29/96 MP: 0/0
 21503 | D:11     | Learned a level 5 spell: Lee's Rapid Deconstruction
 22005 | Lair:1   | Entered Level 1 of the Lair of Beasts
 22020 | Lair:1   | Identified the blade talisman of the Everdark {rPois Will+
                  | MP+9}
 22630 | Lair:1   | Reached skill level 1 in Armour
 23014 | Lair:1   | Identified the +5 war axe of Estricwon {freeze, rF+ Str+4
                  | Stlth+}
 23459 | Lair:1   | Reached skill level 5 in Armour
 23816 | Lair:1   | Found the +8 whip "Snakebite" {venom, curare, rPois}
 24527 | Lair:2   | Found a hide-covered altar of Uskayaw.
 24527 | Lair:2   | Found an ornate altar of the Wu Jian Council.
 25116 | Lair:2   | Identified the +3 leather armour "Juzer" {rF+ rN+ Str+5
                  | Dex-2}
 25614 | Lair:3   | Found a gate leading to a gauntlet.
 25666 | Lair:3   | Noticed a catoblepas
 25670 | Lair:3   | Killed a catoblepas
 25679 | Lair:3   | Found a staircase to the Shoals.
 25684 | Gauntlet | Entered a Gauntlet
 25684 | Gauntlet | Found a transporter.
 25684 | Gauntlet | Found a transporter.
 25684 | Gauntlet | Found a transporter.
 25685 | Gauntlet | Found a transporter.
 25688 | Gauntlet | Found a transporter.
 25703 | Gauntlet | Noticed a ghost crab
 25708 | Gauntlet | Found a transporter.
 25773 | Gauntlet | Found a transporter.
 25776 | Gauntlet | Noticed a catoblepas
 25797 | Gauntlet | Found a transporter.
 25811 | Gauntlet | Found a transporter.
 25825 | Gauntlet | Found a transporter.
 25840 | Gauntlet | Found a transporter.
 25846 | Gauntlet | Found a transporter.
 26073 | Gauntlet | Reached XP level 14. HP: 87/107 MP: 0/0
 26231 | Gauntlet | Identified the +4 mace of Orueluck {antimagic, Int-5 Dex+10
                  | SInv}
 26722 | Gauntlet | Noticed a minotaur
 26728 | Gauntlet | Killed a minotaur
 26984 | Lair:3   | Identified the +4 dagger of Somewhere Else {holy, *Noise
                  | Will++ Int+2 SInv}
 27962 | Lair:3   | Found a hole to the Spider Nest.
 29598 | Lair:4   | Reached skill level 15 in Fighting
 30656 | Lair:5   | Entered Level 5 of the Lair of Beasts
 30844 | Lair:5   | Reached XP level 15. HP: 72/120 MP: 0/0
 30844 | Lair:5   | Learned a level 6 spell: Sculpt Simulacrum
 33231 | Lair:5   | Reached skill level 15 in Dodging
 33876 | Lair:5   | Found a staircase to the Slime Pits.
 34033 | Lair:5   | Identified the +0 leather armour "Uzitinn" {rN+}
 34300 | Orc:1    | Entered Level 1 of the Orcish Mines
 34420 | Orc:1    | Found a frozen archway.
 34694 | IceCv    | Entered an ice cave
 36638 | IceCv    | Identified the ring of Greed {rPois Will+ Str+2 Dex+2}
 37326 | Orc:2    | Entered Level 2 of the Orcish Mines
 37552 | Orc:2    | Noticed an orc warlord
 37565 | Orc:2    | Killed an orc warlord
 38049 | Orc:2    | Reached XP level 16. HP: 114/126 MP: 0/0
 39078 | Orc:2    | Noticed Blork the orc
 39082 | Orc:2    | Killed Blork the orc
 39344 | Orc:2    | Found a roughly hewn altar of Beogh.
 39438 | Orc:2    | Found Ytsylosi's Antique Weapon Shoppe.
 39442 | Orc:2    | Found Icadimi's Book Shoppe.
 39668 | Orc:2    | Found Yzab's Antique Armour Shoppe.
 39709 | Orc:2    | Found Voar's Antique Armour Shoppe.
 39712 | Orc:2    | Bought a warped leather armour for 161 gold pieces
 39712 | Orc:2    | Identified the +0 leather armour "Nigaw" {Rampage Str+3}
                  | (You bought it in a shop on level 2 of the Orcish Mines)
 39803 | Orc:2    | Found a staircase to the Elven Halls.
 39852 | Orc:2    | Found Buczaq's General Store.
 39865 | Orc:2    | Bought a shimmering robe for 210 gold pieces
 39865 | Orc:2    | Identified the +1 robe of Webrar {rF+ Slay+2} (You bought
                  | it in a shop on level 2 of the Orcish Mines)
 40293 | D:12     | Found a white marble altar of Elyvilon.
 41458 | D:13     | Found a gate to the Vaults.
 42885 | D:14     | Reached skill level 1 in Shields
 43262 | D:14     | Noticed Nessos
 43272 | D:14     | Killed Nessos
 44059 | D:15     | Entered Level 15 of the Dungeon
 44106 | D:15     | Reached skill level 5 in Shields
 44116 | D:15     | Reached XP level 17. HP: 91/131 MP: 0/0
 44116 | D:15     | Learned a level 7 spell: Ozocubu's Refrigeration
 45227 | D:15     | Found a staircase to the Depths.
 45787 | Spider:1 | Entered Level 1 of the Spider Nest
 47147 | Spider:1 | Reached skill level 15 in Spellcasting
 47147 | Spider:1 | Reached skill level 15 in Conjurations
 47147 | Spider:1 | Reached skill level 15 in Hexes
 47147 | Spider:1 | Reached skill level 15 in Summonings
 47147 | Spider:1 | Reached skill level 15 in Necromancy
 47147 | Spider:1 | Reached skill level 15 in Translocations
 47147 | Spider:1 | Reached skill level 15 in Fire Magic
 47147 | Spider:1 | Reached skill level 15 in Ice Magic
 47147 | Spider:1 | Reached skill level 15 in Air Magic
 47147 | Spider:1 | Reached skill level 15 in Earth Magic
 47147 | Spider:1 | Reached skill level 15 in Alchemy
 49113 | Spider:2 | Identified the +1 war axe of the End {antimagic, rF+}
 49338 | Spider:2 | Reached XP level 18. HP: 74/138 MP: 0/0
 50848 | Spider:3 | Noticed Arachne
 50858 | Spider:3 | Killed Arachne
 51946 | Spider:4 | Entered Level 4 of the Spider Nest
 52666 | Spider:4 | Identified the +5 trident of Uncertain Death {spect, Will-
                  | Int+2 Dex+2}
 56442 | Spider:4 | Reached XP level 19. HP: 56/147 MP: 0/0
 56442 | Spider:4 | Learned a level 6 spell: Plasma Beam
 56909 | Spider:4 | Got a gossamer rune of Zot
 57216 | Shoals:1 | Entered Level 1 of the Shoals
 58374 | Shoals:1 | Found Lyacy's Magic Scroll Emporium.
 58790 | Shoals:2 | Found a runed translucent gate.
 58790 | Shoals:2 | Found a runed translucent gate.
 58790 | Shoals:2 | Found a runed translucent gate.
 58796 | Shoals:2 | Noticed Ygem's ghost (journeyman DsFE)
 60039 | Shoals:3 | Found a basalt altar of Yredelemnul.
 61626 | Shoals:4 | Entered Level 4 of the Shoals
 61626 | Shoals:4 | Found an iron altar of Okawaru.
 62932 | Shoals:4 | Found a glowing silver altar of Zin.
 65070 | Shoals:4 | Reached XP level 20. HP: 101/158 MP: 0/0
 66779 | Shoals:4 | Got a barnacled rune of Zot
 66781 | Shoals:4 | Identified the staff of Ecazazu {rPois rF+ Will+ Fire}
 67848 | Elf:1    | Entered Level 1 of the Elven Halls
 68682 | Elf:1    | Identified the +3 ring mail "Dianu" {+Blink rCorr Int+3}
 69010 | Elf:1    | Identified a scroll of acquirement
 69014 | Elf:1    | Acquired the ring "Olich" {rElec rF+ Str+6 Int+4 Stlth-}
 70130 | Elf:2    | Paralysed by an air elemental for 1 turns
 72209 | Elf:2    | Noticed Saint Roka
 72216 | Elf:2    | Killed Saint Roka
 72577 | Elf:2    | Paralysed by an air elemental for 1 turns
 72579 | Elf:2    | Paralysed by an air elemental for 1 turns
 73084 | Elf:2    | Found a runed translucent gate.
 73085 | Elf:2    | Found a runed translucent gate.
 73085 | Elf:2    | Found a runed translucent gate.
 73641 | Vaults:1 | Entered Level 1 of the Vaults
 73641 | Vaults:1 | Found Hejofysasch's Antique Armour Boutique.
 73743 | Vaults:1 | Reached XP level 21. HP: 123/168 MP: 0/0
 73743 | Vaults:1 | Learned a level 8 spell: Ignition
 75233 | Vaults:1 | Reached skill level 10 in Armour
 76317 | Shoals:2 | Killed Ygem's ghost
 76947 | Vaults:1 | Noticed Nikola
 76953 | Vaults:1 | Killed Nikola
 77422 | Vaults:1 | Found the +9 staff of Olgreb {rPois∞}
 78669 | Vaults:2 | Found a staircase to the Crypt.
 79051 | Vaults:2 | Found the +12 glaive of Prune {freeze, Prune}
 79995 | Vaults:3 | Identified the +0 leather armour "Errigish" {Dex+2}
 80168 | Vaults:3 | Reached XP level 22. HP: 162/175 MP: 0/0
 82451 | Vaults:4 | Found Xit Olas's Assorted Antiques.
 82841 | Elf:3    | Entered Level 3 of the Elven Halls
 82917 | Elf:3    | Paralysed by an air elemental for 1 turns
 82955 | Elf:3    | Found a portal to a secret trove of treasure.
 83836 | Elf:3    | Reached XP level 23. HP: 79/180 MP: 0/0
 83836 | Elf:3    | Learned a level 7 spell: Enfeeble
 84191 | Elf:3    | Identified the +1 hand axe "Jatamp" {distort, Will+}
 84196 | Elf:3    | Identified the +5 scale mail "Syolomp" {rPois Dex+2}
 84442 | Elf:3    | Identified the +0 robe of the Ant {rCorr SInv Archmagi}
 84887 | Elf:3    | Identified the staff of a Gauntlet {Will+ Str+3 Conj}
 85161 | Elf:3    | Identified the +2 long sword "Killer Bee's Peril" {venom,
                  | Dex+4}
 85169 | Elf:3    | Acquired the +2 pair of gloves of Crawling {Int+2}
 85213 | Elf:3    | Identified the +0 helmet of Inaction {Rampage rF+ Dex-5}
 85599 | Depths:1 | Entered Level 1 of the Depths
 85782 | Depths:1 | Found a snail-covered altar of Cheibriados.
 85877 | Depths:1 | Found a gateway to Hell.
 85897 | Depths:1 | Found a magical portal.
 85908 | WizLab   | Entered Iskenderun's Mystic Tower
 87583 | Depths:1 | Found a one-way gate leading to the halls of Pandemonium.
 87959 | Depths:1 | Noticed the Enchantress
 87972 | Depths:1 | Killed the Enchantress
 88355 | Depths:2 | Found a one-way gateway to a ziggurat.
 88910 | Depths:2 | Reached XP level 24. HP: 181/192 MP: 0/0
 89739 | Depths:2 | Found a one-way gate to the infinite horrors of the Abyss.
 90061 | Depths:2 | Identified the ring "Agaimoa" {Ice rElec MP-9 Int+4}
 90061 | Depths:2 | Noticed Josephina
 90066 | Depths:2 | Killed Josephina
 90110 | Depths:2 | Noticed a juggernaut
 90115 | Depths:2 | Killed a juggernaut
 91109 | Depths:3 | Found an ornate altar of the Wu Jian Council.
 91734 | Depths:3 | Found the +6 Majin-Bo {spellvamp, MP+6 Int+6}
 92209 | Depths:4 | Entered Level 4 of the Depths
 92832 | Depths:4 | Reached XP level 25. HP: 204/204 MP: 0/0
 92832 | Depths:4 | Learned a level 8 spell: Summon Horrible Things
 92859 | Depths:4 | Noticed Margery
 92866 | Depths:4 | Killed Margery
 93532 | Depths:4 | Found a gate to the Realm of Zot.
 94759 | Slime:1  | Entered Level 1 of the Pits of Slime
 95199 | Slime:2  | Gained mutation: You occasionally lose the ability to read
                  | scrolls when taking damage. [a shining eye]
 96773 | Slime:4  | Reached skill level 15 in Armour
 97244 | Slime:5  | Entered Level 5 of the Pits of Slime
 98320 | Slime:5  | Noticed the Royal Jelly
 98324 | Slime:5  | Killed the Royal Jelly
 98504 | Slime:5  | Identified the +5 rapier of Xaro {freeze, rN+ Dex+2}
 98506 | Slime:5  | Got a slimy rune of Zot
 98528 | Slime:5  | Identified the +1 leather armour of Compression {+Inv rPois
                  | Will-}
 98542 | Slime:5  | Identified the +3 short sword "Neizili" {venom, rN+ Int+2}
 98555 | Slime:5  | Identified the ring of Enneng {rElec rF+ rC+ Str+2 Int+2}
 98583 | Slime:5  | Identified the staff of Income {rElec rC+ rCorr Ice}
 98595 | Slime:5  | Acquired 1149 gold pieces
 99540 | Vaults:5 | Entered Level 5 of the Vaults
 99569 | Vaults:5 | Reached XP level 26. HP: 211/211 MP: 0/0
 99643 | Vaults:5 | Noticed an ancient lich
 99711 | Vaults:5 | Found Budiqy's Armour Shoppe.
 99718 | Vaults:5 | Got a silver rune of Zot
 99722 | Vaults:5 | Bought a +2 helmet for 363 gold pieces
100048 | Vaults:5 | Killed an ancient lich
100271 | Vaults:5 | Reached skill level 1 in Staves
100509 | Vaults:5 | Noticed an ancient lich
100514 | Vaults:5 | Killed an ancient lich
100520 | Vaults:5 | Reached skill level 5 in Staves
100588 | Vaults:5 | Noticed a dread lich
100984 | Vaults:5 | Killed a dread lich
101277 | Vaults:5 | Bought a potion of heal wounds for 85 gold pieces
101279 | Vaults:5 | Bought a brightly glowing ring mail for 396 gold pieces
101279 | Vaults:5 | Identified the +3 ring mail of Huggitz {Stlth+} (You bought
                  | it in a shop on level 5 of the Vaults)
101289 | Vaults:5 | Bought a +0 helmet of see invisible for 218 gold pieces
101869 | Crypt:1  | Entered Level 1 of the Crypt
102410 | Crypt:1  | Identified the +0 scale mail of the Neverending Friars
                  | {rN+}
102969 | Crypt:2  | Reached skill level 10 in Shields
103174 | Crypt:2  | Found a transporter.
103174 | Crypt:2  | Noticed Uferhotu's ghost (veteran MiGl)
103319 | Crypt:2  | Found a transporter.
103670 | Crypt:3  | Entered Level 3 of the Crypt
103755 | Crypt:3  | Reached XP level 27. HP: 184/218 MP: 0/0
103755 | Crypt:3  | Learned a level 9 spell: Dragon's Call
105890 | Crypt:3  | Found a staircase to the Tomb.
105943 | Crypt:3  | Found a basalt altar of Yredelemnul.
106025 | Crypt:3  | Identified the +11 sling of the Unliving {freeze, rElec
                  | Dex+3}
107115 | Zot:1    | Entered Level 1 of the Realm of Zot
107244 | Zig:1    | Entered Level 1 of a ziggurat
107244 | Zig:1    | Noticed a Killer Klown
107248 | Zig:1    | Killed a Killer Klown
107276 | Zig:2    | Entered Level 2 of a ziggurat
107307 | Zig:2    | Identified the +3 arbalest of Werebum {freeze, Will+}
107316 | Zig:3    | Entered Level 3 of a ziggurat
107624 | Zig:4    | Entered Level 4 of a ziggurat
107628 | Zig:4    | Found the +7 sceptre of Torment {pain, torment}
107643 | Zig:4    | Identified the +1 ring mail of Parts Unknown {Will+++
                  | Regen+ MP-9 Dex+4}
107666 | Zig:5    | Entered Level 5 of a ziggurat
107716 | Zig:6    | Entered Level 6 of a ziggurat
107759 | Zig:6    | Identified the staff "Jimm" {Dex+2 Earth}
107770 | Zig:7    | Entered Level 7 of a ziggurat
107823 | Zig:7    | Identified the +7 falchion of Vaik {antimagic, rN+ Str-2
                  | Int+4}
107824 | Zig:7    | Identified the +1 spear of Tacouf {freeze, rPois SInv}
107828 | Zig:8    | Entered Level 8 of a ziggurat
107836 | Zig:8    | Noticed a shard shrike
107838 | Zig:8    | Killed a shard shrike
108498 | Zot:1    | Noticed an orb of fire
108508 | Zot:1    | Gained mutation: You are weak. (Str -2) [an orb of fire]
108509 | Zot:1    | Gained mutation: Your body sometimes deteriorates upon
                  | taking damage. [an orb of fire]
108511 | Zot:1    | Killed an orb of fire
109355 | Zot:1    | Found the +4 dragonskin cloak
109355 | Zot:1    | Noticed Tiamat
110536 | Zot:1    | Killed Tiamat
111270 | Zot:2    | Noticed Parghit
111303 | Zot:2    | Killed Parghit
112801 | Zot:4    | Noticed a dread lich
112801 | Zot:4    | Found a transporter.
113673 | Zot:4    | Noticed an orb of fire
113831 | Zot:4    | Noticed a dread lich
113885 | Zot:4    | Noticed a dread lich
114261 | Zot:5    | Entered Level 5 of the Realm of Zot
114677 | Zot:5    | Noticed a dread lich
114687 | Zot:5    | Noticed a Killer Klown
114689 | Zot:5    | Noticed an ancient lich
114691 | Zot:5    | Noticed an orb of fire
114694 | Zot:5    | Killed a Killer Klown
114694 | Zot:5    | Noticed an orb of fire
114696 | Zot:5    | Noticed an orb of fire
114699 | Zot:5    | Noticed an orb of fire
114703 | Zot:5    | Killed an ancient lich
114712 | Zot:5    | Killed an orb of fire
114720 | Zot:5    | Killed an orb of fire
114724 | Zot:5    | Killed an orb of fire
114879 | Zot:5    | Killed a Killer Klown
114926 | Zot:5    | Noticed an orb of fire
114928 | Zot:5    | Noticed an orb of fire
114930 | Zot:5    | Noticed an orb of fire
114932 | Zot:5    | Noticed an orb of fire
114934 | Zot:5    | Got the Orb of Zot
114936 | Zot:5    | Noticed an orb of fire
114941 | Zot:5    | Killed a dread lich
114950 | Zot:5    | Killed an orb of fire
115041 | Zot:3    | Noticed Huskewet the pandemonium lord
115056 | Zot:3    | Killed Huskewet the pandemonium lord
115539 | D:6      | Noticed Cehoajol the pandemonium lord
115719 | D:$      | Escaped with the Orb!

Illustrated notes

Levels and vault maps discovered:
D:1:      amcnicky_arrival_flooded_fountain, layout_basic,
          basic_ecumenical_altar, serial_shops, shop
D:2:      layout_loops_ring, uniq_natasha, uniq_robin, uniq_crazy_yiuf_cottage
D:3:      layout_loops_ring, gammafunk_ghost_cemetery
D:4:      layout_gridville, mainiacjoe_overflow_24_doors, lemuel_tele_altar,
          gammafunk_temple_overflow_statue, uniq_menkaure, uniq_eustachio
D:5:      layout_basic, minmay_temple_entry_offerings, dreamdust_gnoll_farm
D:6:      layout_basic, serial_shops, shop, st_stairs_12
D:7:      layout_rooms, dreamdust_princess_corridor, uniq_prince_ribbit1,
          uniq_maurice
D:8:      layout_rooms, general_overflow_altar, minmay_bent, uniq_joseph,
          uniq_psyche
D:9:      layout_basic, serial_shops, shop, kennysheep_cross_room,
          grunt_ministairs_3, uniq_pikel
D:10:     layout_basic, minmay_lair_entry_grove, serial_shops,
          nicolae_shop_hallway_plus, grunt_ministairs_8, uniq_snorg
D:11:     layout_basic, erik_orc_3
D:12:     layout_loops_corners, serial_glass, glass_columns_b, glass_columns_b,
          minmay_misc_feat_x, elyvilon_altar_5
D:13:     minmay_blocky_corners, layout_basic, grunt_vaults_entry_tiered
D:14:     layout_loops_ring, serial_glass, glass_columns_c, glass_columns_b,
          uniq_nessos
D:15:     grunt_enter_depths_magical_seal, layout_long_grid,
          roderic_roman_lattice
Temple:   minmay_crystal_spiral_temple
Lair:1:   minmay_guarded_unrand_snakebite, layout_chaotic_city,
          grunt_forest_stairs_basic, lemuel_fruit_tree
Lair:2:   layout_cellular_growth, nzn_masters_of_martial_movement,
          serial_bayou_shore_a
Lair:3:   layout_cave_pods, minmay_shoals_entry_beasts,
          hellmonk_spider_entry_life_and_decay, gauntlet_entry_generic,
          serial_bayou_pond_c
Lair:4:   layout_layer_cave
Lair:5:   minmay_lair_end_frog_pond, layout_long_grid, slime_entry_1,
          minivault_25, minmay_stone_trees_small, disabler_island
Shoals:1: layout_shoals, serial_shops, shop_statue
Shoals:2: layout_shoals, gammafunk_ghost_necromancy
Shoals:3: layout_shoals, wheals_shoals_ruined_temple
Shoals:4: shoals_end_hellmonk_storm_palace [storm_palace_center_square,
          storm_palace_corner_altar, storm_palace_corner_pillars,
          storm_palace_corner_altar, storm_palace_corner_narrow]
Spider:1: layout_spider_delve, special_room [special_room_bee]
Spider:2: layout_spider_delve
Spider:3: layout_spider_delve, uniq_arachne
Spider:4: spider_rune_water, beargit_elvish_explorers
Slime:1:  layout_caves
Slime:2:  nicolae_slime_spelunking
Slime:3:  layout_caves
Slime:4:  cheibrodos_slime_lost_civilization_10, layout_caves,
          nicolae_slime_round_cave
Slime:5:  slime_pit_nicolae_royal_road_to_ruin
Orc:1:    layout_diamond_mine, portal_ice_cave_entry_imps, basic_altar
Orc:2:    grunt_orc_cross, layout_caves, serial_shops,
          nicolae_shop_window_shopping
Elf:1:    elf_arrival_001, layout_geoelf_octagon, nicolae_elf_crossing_hall,
          bh_hangedman_babel_library
Elf:2:    nicolae_elf_blades_crystal_corner, layout_geoelf_grid,
          nicolae_elf_loose_elemental_storage, uniq_saint_roka
Elf:3:    elf_hall, layout_rooms, nicolae_trove_entry_columns, basic_altar,
          nicolae_elf_stair_hall
Vaults:1: nicolae_vaults_trapezoid_1, v_misc_13, st_hourglassy, v_misc_25,
          v_misc_22, ontoclasm_vaults_ring_small, v_misc_8,
          hangedman_vaults_slice, grunt_vaults_funnel,
          grunt_vaults_hallway_long, ontoclasm_vaults_bender,
          hangedman_vaults_impose, nicolae_vaults_stepped_doors,
          nicolae_vaults_trapezoid_1, nicolae_vaults_shrinking_rooms_1,
          grunt_vaults_focal, layout_vaults_maze_bifur, serial_shops,
          shop_fountains, uniq_nikola
Vaults:2: nicolae_vaults_more_shelving_2, nicolae_vaults_murder_corner,
          vaults_dpeg_diagonal, nicolae_vaults_trapezoid_lopsided_1,
          nicolae_vaults_sightless_eye, layout_vaults_quadrants,
          minmay_crypt_entry_simple_statues
Vaults:3: ontoclasm_vaults_ring_small, v_misc_1,
          nicolae_vaults_little_squares_1, nicolae_vaults_tetromino_L_2,
          nicolae_vaults_diffraction_hallways, nicolae_vaults_diamond_2,
          v_misc_8, vaults_room_large_hall,
          nicolae_vaults_offset_grid_hallway_1, ontoclasm_vaults_hangar,
          nicolae_vaults_turnstiles, nicolae_vaults_trapezoid_lopsided_2,
          nicolae_vaults_theta, nicolae_vaults_storage_room_water,
          nicolae_vaults_little_squares_4, layout_vaults_ring
Vaults:4: nicolae_vaults_closet_pinwheel_2, nicolae_vaults_ring_of_whatevers,
          v_pattern_2, nicolae_vaults_storage_closets_2, hangedman_vaults_nails,
          v_misc_14, nicolae_vaults_two_Ls, nicolae_vaults_shelves_hall,
          vaults_room_corners, nicolae_vaults_little_squares_1,
          ontoclasm_vaults_twist, vaults_room_large_hall,
          nicolae_vaults_wine_cellar, layout_vaults_omnibox, serial_shops,
          nicolae_shop_trees
Vaults:5
Crypt:1:  layout_misc_corridors, nicolae_danse_macabre
Crypt:2:  layout_rooms, gammafunk_ghost_abyssal_escape
Crypt:3:  evilmike_haunted_forest
Depths:1: layout_twisted_cross, mu_enter_wizlab_6, chequers_jeans,
          rand_demon_pan_entry_4, hell_entry, serial_sigils_hangedman_stare,
          cheibriados_altar_1, kennysheep_random_hallway, uniq_enchantress
Depths:2: nzn_winding_woodlands_large [nzn_winding_woodlands_5x5_open_star,
          nzn_winding_woodlands_5x15_garden,
          nzn_winding_woodlands_5x5_closed_star,
          nzn_winding_woodlands_center_diamonds,
          nzn_winding_woodlands_15x15_five_gardens,
          nzn_winding_woodlands_center_pierced_h,
          nzn_winding_woodlands_hourglass,
          nzn_winding_woodlands_5x15_split_checker,
          nzn_winding_woodlands_5x5_default], layout_gridlike, enter_ziggurat_f,
          grunt_mini_vestibule, rand_demon_pan_entry_1, abyss_entry,
          dk_noncrumbling_4, uniq_josephina
Depths:3: minmay_guarded_unrand_majin_bo, layout_gridlike, abyss_entry,
          hell_entry, nicolae_wu_jian_wuxing_cycle, serial_bayou_shore_b,
          minmay_staircase_statues
Depths:4: evilmike_zot_entry_hall, layout_basic, hangedman_geh_valley,
          pan_entry, lemuel_nasty_fountain, uniq_margery
Zot:1:    layout_cathedral_of_symmetry, regret_index_zotdec_magical_s,
          grunt_ministairs_8, st_stairs_2, regret_index_zotdec_ceiling_fans,
          uniq_tiamat
Zot:2:    layout_misc_corridors, regret_index_zotdec_wing_it, uniq_parghit
Zot:3:    layout_gridlike, regret_index_zotdec_banners
Zot:4:    gammafunk_sealed_library, layout_onion_interference
Zot:5:    layout_misc_corridors

Skill      XL: |  1  2  3  4  5  6  7  8  9 10 11 12 13 14 15 16 17 18 19 20 21 22 23 24 25 26 27 |
---------------+----------------------------------------------------------------------------------+-----
Spellcasting   | 3 4 5 6 7 8 10 11 12 13 16 17 18 19 20 24 | 24.6
Conjurations   | 3 4 5 6 7 8 10 11 12 13 16 17 18 19 20 24 | 24.6
Hexes          | 3 4 5 6 7 8 10 11 12 13 16 17 18 19 20 24 | 24.6
Summonings     | 3 4 5 6 7 8 10 11 12 13 16 17 18 19 20 24 | 24.6
Necromancy     | 3 4 5 6 7 8 10 11 12 13 16 17 18 19 20 24 | 24.6
Translocations | 3 4 5 6 7 8 10 11 12 13 16 17 18 19 20 24 | 24.6
Fire Magic     | 3 4 5 6 7 8 10 11 12 13 16 17 18 19 20 24 | 24.6
Ice Magic      | 3 4 5 6 7 8 10 11 12 13 16 17 18 19 20 24 | 24.6
Air Magic      | 3 4 5 6 7 8 10 11 12 13 16 17 18 19 20 24 | 24.6
Earth Magic    | 3 4 5 6 7 8 10 11 12 13 16 17 18 19 20 24 | 24.6
Alchemy        | 3 4 5 6 7 8 10 11 12 13 16 17 18 19 20 24 | 24.6
Fighting       | 3 4 5 8 10 12 15 16 18 20 21 24 | 24.0
Long Blades    | 5 |  5.3
Dodging        | 5 9 10 11 15 16 18 20 22 23 | 23.3
Evocations     | 6 8 9 |  9.0
Armour         | 6 8 11 12 15 | 15.6
Shields        | 5 6 11 14 | 14.6
Staves         | 9 |  9.1

Action                     |  1- 3 |  4- 6 |  7- 9 | 10-12 | 13-15 | 16-18 | 19-21 | 22-24 | 25-27 || total
---------------------------+-------+-------+-------+-------+-------+-------+-------+-------+-------++-------
  Melee: Falchion          |    62 |   179 |   142 |    10 |       |       |       |       |       ||   393
         Scimitar          |       |       |       |    19 |       |       |       |       |       ||    19
         Staff             |       |       |       |     2 |    40 |     9 |       |       |    47 ||    98
         Whip              |       |       |       |       |     7 |       |       |       |       ||     7
         Dagger            |       |       |       |       |       |       |     2 |       |     6 ||     8
         Bo                |       |       |       |       |       |       |       |       |     4 ||     4
  Throw: Javelin           |       |       |     1 |     2 |       |       |       |       |       ||     3
         Dart              |       |       |       |     3 |       |       |       |       |       ||     3
   Cast: Kiss of Death     |     2 |       |     1 |       |       |       |       |       |       ||     3
         Hailstorm         |     3 |     2 |    33 |    24 |     5 |       |       |       |       ||    67
         Mercury Vapours   |       |    48 |    53 |    10 |       |     2 |       |       |       ||   113
         Momentum Strike   |       |     3 |    23 |     2 |       |       |       |       |       ||    28
         Blink             |       |       |     2 |       |       |       |     1 |       |       ||     3
         Iskenderun's Myst |       |       |       |    68 |    94 |    55 |     1 |       |       ||   218
         Fireball          |       |       |       |   161 |   381 |   261 |    67 |    13 |     1 ||   884
         Ozocubu's Refrige |       |       |       |       |       |   280 |   485 |   269 |   267 ||  1301
         Plasma Beam       |       |       |       |       |       |       |    66 |   229 |   316 ||   611
         Lee's Rapid Decon |       |       |       |       |       |       |    32 |    40 |    45 ||   117
         Ignition          |       |       |       |       |       |       |    12 |    65 |   197 ||   274
         Enfeeble          |       |       |       |       |       |       |       |     2 |       ||     2
         Summon Horrible T |       |       |       |       |       |       |       |       |    51 ||    51
         Dragon's Call     |       |       |       |       |       |       |       |       |    13 ||    13
 Invoke: Bribe Branch      |       |       |       |       |       |       |       |       |     4 ||     4
         Call Merchant     |       |       |       |       |       |       |       |       |     5 ||     5
         Potion Petition   |       |       |       |       |       |       |       |       |     1 ||     1
  Evoke: Wand              |       |       |       |       |     2 |       |       |       |    10 ||    12
    Use: Potion            |       |     1 |       |     2 |     1 |       |     2 |     1 |     8 ||    15
         Scroll            |       |       |    16 |     3 |     9 |    12 |     3 |     9 |    14 ||    66
   Stab: Distracted        |       |       |       |       |       |       |       |       |     1 ||     1
 Armour: Leather armour    |    36 |   133 |   229 |    82 |   102 |   106 |    36 |       |       ||   724
         Ring mail         |       |       |       |       |       |       |    72 |    76 |   306 ||   454
  Dodge: Dodged            |    45 |   124 |   201 |    54 |   112 |   110 |    96 |    74 |   385 ||  1201
         Repelled          |       |       |       |       |       |       |       |     2 |       ||     2
  Block: Buckler           |       |       |       |       |       |    17 |    27 |    24 |   140 ||   208

Table legend: (Time is in decaauts)
 A = Elapsed time spent in this place.
 B = Non-inter-level travel time spent in this place.
 C = Inter-level travel time spent in this place.
 D = Time resting spent in this place.
 E = Time spent auto-exploring this place.
 F = Levels seen in this place.
 G = Mean time per level.
                   A        B        C        D        E       F      G
               +--------+--------+--------+--------+--------+-----+--------+
         Total | 115933 | 106986 |   8947 |  49795 |  43244 |  67 | 1730.3 |
       Dungeon |  30509 |  27491 |   3018 |  12055 |  12231 |  15 | 2033.9 |
        Temple |    128 |     53 |     75 |     49 |      0 |   1 |  128.0 |
          Lair |  11403 |  10205 |   1198 |   4032 |   5152 |   5 | 2280.6 |
        Shoals |  10678 |  10119 |    559 |   4671 |   4811 |   4 | 2669.5 |
   Spider Nest |  11260 |  10861 |    399 |   6851 |   3098 |   4 | 2815.0 |
    Slime Pits |   4384 |   4187 |    197 |   1859 |   1637 |   5 |  876.8 |
  Orcish Mines |   3939 |   3676 |    263 |   2128 |   1174 |   2 | 1969.5 |
   Elven Halls |   8038 |   7465 |    573 |   4490 |   2112 |   3 | 2679.3 |
        Vaults |  10325 |   9250 |   1075 |   2865 |   4737 |   5 | 2065.0 |
         Crypt |   4790 |   4573 |    217 |   1270 |   2483 |   3 | 1596.7 |
        Depths |   8172 |   7283 |    889 |   3072 |   3212 |   4 | 2043.0 |
           Zot |   6861 |   6381 |    480 |   2870 |   2137 |   5 | 1372.2 |
      Ziggurat |    631 |    631 |      0 |    317 |     27 |   8 |   78.9 |
      Ice Cave |   2148 |   2148 |      0 |   1722 |    150 |   1 | 2148.0 |
        Wizlab |   1424 |   1424 |      0 |    777 |    219 |   1 | 1424.0 |
      Gauntlet |   1236 |   1236 |      0 |    767 |     64 |   1 | 1236.0 |
               +--------+--------+--------+--------+--------+-----+--------+

Top non-repeatable levels by time:
Shoals:4: 5642 daAuts
Spider:4: 4802 daAuts
Vaults:1: 3524 daAuts
     D:5: 3499 daAuts
     D:6: 3396 daAuts
   Elf:2: 3104 daAuts
   Elf:1: 2921 daAuts
    D:10: 2895 daAuts
     D:7: 2840 daAuts
    D:11: 2757 daAuts
  Lair:4: 2720 daAuts
   Zot:1: 2661 daAuts
  Lair:3: 2621 daAuts
 Crypt:3: 2540 daAuts
Depths:2: 2525 daAuts
